Match 45101270
Unlisted

Match 45101270
End
Royal Engineer Section
Selects Heavy Armor Battlegroup
Royal Engineer Section
Royal Engineer Section
Vickers Machine Gun Team
Construct Section Command Post
Construct Platoon Command Post
Humber Armored Car
Selects Engineer Detachments
Royal Engineer Section
Humber Armored Car
Vickers Machine Gun Team
Humber Armored Car
Vickers Machine Gun Team
Construct Company Command Post
Foot Guards Section
Infantry Training
Foot Guards Section
Selects Forward Repair Assembly
Crusader II Medium Tank
Selects Churchill Black Prince Heavy Tank
ConcernedApe
derank c[o]mpany
Ober
MscIAc
0
0

Comments sign in to comment!

No comments posted yet!